 Dungeon Crawl Stone Soup version 0.19-a0-1320-g0178847 (webtiles) character file.

142 Gruud the Chucker (level 5, 0/50 HPs)
             Began as an Ogre Hunter on Aug 31, 2016.
             Succumbed to an adder's poison
             ... on level 2 of the Dungeon.
             The game lasted 00:06:09 (1981 turns).

Gruud the Chucker (Ogre Hunter)                     Turns: 1981, Time: 00:06:10

Health: 0/50       AC:  3    Str: 22    XL:     5   Next: 25%
Magic:  5/5        EV: 10    Int: 16    God:
Gold:   86         SH:  0    Dex: 10    Spells: 0 memorised, 4 levels left

rFire  . . .     SeeInvis .     a - +0 whip
rCold  . . .     Gourm    .     e - +0 robe
rNeg   . . .     Faith    .     (no shield)
rPois  .         Spirit   .     (helmet restricted)
rElec  .         Dismiss  .     (no cloak)
rCorr  .         Reflect  .     (gloves unavailable)
MR     .....     Harm     .     (boots unavailable)
Stlth  ++........               (no amulet)
                                l - +5 ring of strength
                                h - ring of stealth

@: brilliant, lethally poisoned (0 -> -1)
A: unfitting armour, tough skin 1
a: no special abilities


You were on level 2 of the Dungeon.
You were not hungry.

You visited 1 branch of the dungeon, and saw 2 of its levels.

You collected 86 gold pieces.

Inventory:

Hand Weapons
 a - a +0 whip (weapon)
 b - a +0 club
 g - a +0 short sword
Armour
 e - a +0 robe (worn)
Jewellery
 h - a ring of stealth (left hand)
 j - an uncursed ring of resist corrosion
 l - a +5 ring of strength (right hand)
Potions
 i - a potion of brilliance
Comestibles
 f - 3 bread rations
 k - 2 fruits


   Skills:
 - Level 2.6 Fighting
 * Level 4.6 Maces & Flails
 * Level 5.1 Throwing
 - Level 1.7 Dodging
 - Level 0.7 Stealth


You had 4 spell levels left.
You didn't know any spells.

Dungeon Overview and Level Annotations

Branches:
Dungeon (2/15)

Altars:


Innate Abilities, Weirdness & Mutations

You are too large for most types of armour.
You have tough skin. (AC +1)


Message History

You feel clever all of a sudden.
The jackal bites you but does no damage.
Throwing (i - inventory):
d - a throwing net (quivered)
Press: ? - help, Shift-Dir - straight line, f/p - jackal
Aim: a jackal You throw a throwing net.
The throwing net hits the jackal.
The jackal is caught in the net!
The jackal struggles against the net.
You are too injured to fight recklessly!
You are too injured to fight recklessly!
You hit the jackal.
The jackal is moderately wounded.
The jackal struggles against the net.
You hit the jackal but do no damage.
The jackal is moderately wounded.
The jackal struggles against the net.
The net rips apart, and the jackal comes free!
The jackal closely misses you.
You hit the jackal.
The jackal is almost dead.
You die...

.).########## #.#.##)......
##.##.......# #......#..#
##.##.#####.## ###.#.....###
......# #..# #.....h....
##.#### ##.# ###...##### ##.#
##.## #...# ...########...##
#...##### ###........#.#.#####
#........
#.............@h.######h..#####
#........#<...#..(........#
#...........#.#.#.........# #
#........##.#.#...........# #
#........##.#.#########...#####
#.............# #........
###########.### #...##### #.#
#...# ## #####.######## #...# #


You could see a jackal.

Vanquished Creatures
  Natasha (D:2)
  5 gnolls
  3 adders (D:2)
  A bat (D:1)
  2 giant cockroaches
  A hobgoblin (D:1)
  5 jackals
  5 kobolds
  3 quokkas (D:2)
  A ball python (D:1)
  2 giant newts
  8 goblins
  5 rats
42 creatures vanquished.

Notes
Turn   | Place    | Note
-------+----------+-------------------------------------------
     0 | D:1      | Gruud the Ogre Hunter began the quest for the Orb.
     0 | D:1      | Reached XP level 1. HP: 22/22 MP: 1/1
    48 | D:1      | Reached skill level 1 in Maces & Flails
   197 | D:1      | Reached XP level 2. HP: 29/29 MP: 2/2
   911 | D:1      | Reached XP level 3. HP: 36/36 MP: 3/3
  1339 | D:2      | Reached XP level 4. HP: 44/44 MP: 4/4
  1359 | D:2      | Reached skill level 5 in Throwing
  1807 | D:2      | Noticed Natasha
  1808 | D:2      | Killed Natasha
  1808 | D:2      | Reached XP level 5. HP: 34/50 MP: 5/5
  1975 | D:2      | HP: 2/50 [jackal (1)]
  1981 | D:2      | Succumbed to an adder's poison

Vault maps used:
D:1:      mrwooster_arrival_statue_3
D:2:      overflow_temple_1_default, uniq_natasha

Skill      XL: |  1  2  3  4 |
---------------+-------------+-----
Maces & Flails | 1 2 3 4 |  4.6
Throwing       | 5 |  5.1
Fighting       | |  2.6
Dodging        | |  1.7
Stealth        | |  0.7

Action                   |  1- 3 |  4- 6 || total
-------------------------+-------+-------++-------
Melee: Short sword       |    72 |       ||    72
       Club              |    11 |    23 ||    34
       Whip              |       |    53 ||    53
Throw: Large rock        |     5 |    10 ||    15
       Throwing net      |     2 |     1 ||     3
  Use: Potion            |       |     1 ||     1
 Stab: Sleeping          |     3 |     2 ||     5
  Eat: Chunk             |     1 |     3 ||     4
Armor: Robe              |    12 |    13 ||    25
Dodge: Dodged            |    52 |    32 ||    84
